IL
BUFFALO BISONS @ OMAHA STORM CHASERS
09/05/2048
 
TOP OF THE 1ST
Buffalo Bisons batting - Pitching for Omaha Storm Chasers : RHP Ken Hall
Pitching: RHP Ken Hall
Batting: RHB Väinö Tapaninen 0-0: Swinging Strike
0-1: Swinging Strike
0-2: Ball
1-2: Ground out 5-3 (Groundball, 56, EV 110.0 MPH)
Batting: RHB John Loving 0-0: SINGLE (Groundball, 56S, EV 61.9 MPH) (infield hit)
Batting: RHB Butch Koglin 0-0: Foul Ball, location: 2F
0-1: Ball
1-1: Ball
2-1: Ball
3-1: Base on Balls
John Loving to second
Batting: LHB Gabe Pace 0-0: SINGLE (Flyball, 7S, EV 98.8 MPH)
John Loving to third
Butch Koglin to second
Batting: RHB Kyle Davis 0-0: Fly out, F8 (Line Drive, 8RM, EV 91.9 MPH)
Runner from 3rd tags up, SCORES, no throw by CF
Batting: RHB Jorge Baret 0-0: Ball
1-0: Swinging Strike
1-1: Ball
2-1: Foul Ball, location: 2F
2-2: Fly out, F9 (Flyball, 89D, EV 95.0 MPH)
Top of the 1st over - 1 run, 2 hits, 0 errors, 2 left on base; Buffalo 1 - Omaha 0
BOTTOM OF THE 1ST
Omaha Storm Chasers batting - Pitching for Buffalo Bisons : RHP Gabe Nalley
Pitching: RHP Gabe Nalley
Batting: LHB Jim Pankratz 0-0: Called Strike
0-1: Swinging Strike
0-2: Ball
1-2: Ball
2-2: Ball
3-2: Base on Balls
Batting: RHB Walt Cogswell 0-0: Called Strike
Jim Pankratz is caught stealing 2nd base 2-4
0-1: Ball
1-1: Ball
2-1: Ball
3-1: SINGLE (Groundball, 5S, EV 66.2 MPH) (infield hit)
Batting: RHB Taisei Fujii 0-0: Swinging Strike
0-1: Foul Ball, location: 2F
0-2: Foul Ball, location: 2F
0-2: Strikes out looking
Batting: RHB Ken Postlethwaite 0-0: Called Strike
Walt Cogswell steals 2nd base
0-1: Called Strike
0-2: Ground out 6-3 (Groundball, 56, EV 84.4 MPH)
Bottom of the 1st over - 0 runs, 1 hit, 0 errors, 1 left on base; Buffalo 1 - Omaha 0
TOP OF THE 2ND
Buffalo Bisons batting - Pitching for Omaha Storm Chasers : RHP Ken Hall
Batting: RHB Frank Caulfield 0-0: Ground out 6-3 (Groundball, 56, EV 101.2 MPH)
Batting: LHB Eddie Muniz 0-0: Called Strike
0-1: Foul Ball, location: 2F
0-2: Strikes out swinging
Batting: RHB Jose Garza 0-0: Ball
1-0: Foul Ball, location: 2F
1-1: Swinging Strike
1-2: Ball
2-2: Strikes out swinging
Top of the 2nd over - 0 runs, 0 hits, 0 errors, 0 left on base; Buffalo 1 - Omaha 0
BOTTOM OF THE 2ND
Omaha Storm Chasers batting - Pitching for Buffalo Bisons : RHP Gabe Nalley
Batting: SHB Francisco Gutierrez 0-0: Ball
1-0: Swinging Strike
1-1: Ground out 6-3 (Groundball, 6, EV 79.4 MPH)
Batting: RHB Danny Weisse 0-0: Ball
1-0: Ground out 1-3 (Groundball, 34S, EV 67.5 MPH)
Batting: LHB Danny Bailey 0-0: Ball
1-0: Ball
2-0: Called Strike
2-1: Ball
3-1: Ground out 4-3 (Groundball, 4, EV 104.4 MPH)
Bottom of the 2nd over - 0 runs, 0 hits, 0 errors, 0 left on base; Buffalo 1 - Omaha 0
TOP OF THE 3RD
Buffalo Bisons batting - Pitching for Omaha Storm Chasers : RHP Ken Hall
Batting: RHB Väinö Tapaninen 0-0: Bunt missed!
0-1: Ball
1-1: Swinging Strike
1-2: Ball
2-2: Ground out 6-3 (Groundball, 6M, EV 90.6 MPH)
Batting: RHB John Loving 0-0: SINGLE (Groundball, 6M, EV 89.4 MPH) (infield hit)
Batting: RHB Butch Koglin 0-0: Ball
1-0: Fly out, F7 (Flyball, 78D, EV 90.6 MPH)
Batting: LHB Gabe Pace 0-0: Ball
1-0: Called Strike
1-1: Called Strike
1-2: Ball
John Loving steals 2nd base (no throw)
2-2: Ball
3-2: Base on Balls
Batting: RHB Kyle Davis 0-0: Called Strike
0-1: SINGLE (Line Drive, 34D, EV 98.8 MPH)
John Loving to third
Gabe Pace to second
Runner from 3rd tries for Home, SAFE, throw by RF to home
Batting: RHB Jorge Baret 0-0: Called Strike
0-1: SINGLE (Flyball, 6MD, EV 96.2 MPH)
Gabe Pace to third
Kyle Davis to second
Runner from 3rd tries for Home, SAFE, throw by CF to home
Batting: RHB Frank Caulfield 0-0: Ball
1-0: Ball
2-0: Swinging Strike
2-1: Foul Ball, location: 2F
2-2: Ball
3-2: Strikes out looking
Top of the 3rd over - 2 runs, 3 hits, 0 errors, 2 left on base; Buffalo 3 - Omaha 0
BOTTOM OF THE 3RD
Omaha Storm Chasers batting - Pitching for Buffalo Bisons : RHP Gabe Nalley
Batting: RHB Yuichi Takata 0-0: Called Strike
0-1: SINGLE (Groundball, 5S, EV 71.2 MPH) (infield hit)
Batting: RHB Jason Birge 0-0: Swinging Strike
0-1: Ball
1-1: Called Strike
1-2: Ball
2-2: Strikes out swinging
Batting: LHB Jim Pankratz 0-0: Called Strike
0-1: Called Strike
Yuichi Takata steals 2nd base
0-2: Ball
1-2: Strikes out swinging
Batting: RHB Walt Cogswell 0-0: Called Strike
0-1: Ball
1-1: Swinging Strike
1-2: Foul Ball, location: 2F
1-2: SINGLE (Flyball, 89S, EV 89.4 MPH)
Yuichi Takata to third
Runner from 3rd tries for Home, SAFE, throw by RF to home
Batting: RHB Taisei Fujii 0-0: Called Strike
0-1: Ball
Walt Cogswell steals 2nd, throwing error, E2
Walt Cogswell to third
1-1: Swinging Strike
1-2: Ground out 6-3 (Groundball, 6, EV 84.4 MPH)
Bottom of the 3rd over - 1 run, 2 hits, 1 error, 1 left on base; Buffalo 3 - Omaha 1
TOP OF THE 4TH
Buffalo Bisons batting - Pitching for Omaha Storm Chasers : RHP Ken Hall
Batting: LHB Eddie Muniz 0-0: Ball
1-0: Called Strike
1-1: Called Strike
1-2: Foul Ball, location: 2F
1-2: Ball
2-2: Fly out, F7 (Flyball, 7LM, EV 85.0 MPH)
Batting: RHB Jose Garza 0-0: Foul Ball, location: 2F
0-1: SINGLE (Groundball, 6MD, EV 108.8 MPH)
Batting: RHB Väinö Tapaninen 0-0: Ball
1-0: Foul Ball, location: 2F
1-1: Ball
2-1: Foul Ball, location: 2F
2-2: Ball
3-2: Base on Balls
Jose Garza to second
Batting: RHB John Loving 0-0: Fly out, F6 (Popup, 6S, EV 72.5 MPH)
Batting: RHB Butch Koglin 0-0: Called Strike
0-1: Ball
1-1: Foul Ball, location: 2F
1-2: Ball
2-2: Fly out, F9 (Flyball, 9D, EV 88.8 MPH)
Top of the 4th over - 0 runs, 1 hit, 0 errors, 2 left on base; Buffalo 3 - Omaha 1
BOTTOM OF THE 4TH
Omaha Storm Chasers batting - Pitching for Buffalo Bisons : RHP Gabe Nalley
Batting: RHB Ken Postlethwaite 0-0: Called Strike
0-1: Ball
1-1: Ball
2-1: Ball
3-1: Foul Ball, location: 2F
3-2: Base on Balls
Batting: SHB Francisco Gutierrez 0-0: Ball
1-0: Ball
2-0: Ball
3-0: Called Strike
3-1: Base on Balls
Ken Postlethwaite to second
Batting: RHB Danny Weisse 0-0: Ball
1-0: Called Strike
1-1: Foul Ball, location: 2F
1-2: Ball
2-2: Foul Ball, location: 2F
2-2: Strikes out swinging
Batting: LHB Danny Bailey 0-0: Foul Ball, location: 2F
0-1: Called Strike
0-2: Strikes out swinging
Batting: RHB Yuichi Takata 0-0: Called Strike
0-1: Ball
1-1: Ball
2-1: Called Strike
2-2: Ball
3-2: Ground out 2-3 (Groundball, 2R, EV 65.6 MPH)
Bottom of the 4th over - 0 runs, 0 hits, 0 errors, 2 left on base; Buffalo 3 - Omaha 1
TOP OF THE 5TH
Buffalo Bisons batting - Pitching for Omaha Storm Chasers : RHP Ken Hall
Batting: LHB Gabe Pace 0-0: Called Strike
0-1: Ball
1-1: Ball
2-1: Ball
3-1: Swinging Strike
3-2: Foul Ball, location: 2F
3-2: Fly out, F9 (Flyball, 9LSF, EV 90.0 MPH)
Batting: RHB Kyle Davis 0-0: Ball
1-0: Ball
2-0: Swinging Strike
2-1: Swinging Strike
2-2: Ball
3-2: Foul Ball, location: 2F
3-2: Base on Balls
Batting: RHB Jorge Baret 0-0: Fly out, F8 (Flyball, 8RS, EV 74.4 MPH)
Batting: RHB Frank Caulfield 0-0: Fly out, F7 (Flyball, 7S, EV 93.8 MPH)
Top of the 5th over - 0 runs, 0 hits, 0 errors, 1 left on base; Buffalo 3 - Omaha 1
BOTTOM OF THE 5TH
Omaha Storm Chasers batting - Pitching for Buffalo Bisons : RHP Gabe Nalley
Batting: RHB Jason Birge 0-0: Ground out 4-3 (Groundball, 4, EV 82.5 MPH)
Batting: LHB Jim Pankratz 0-0: Ball
1-0: Foul Ball, location: 2F
1-1: Ball
2-1: Foul Ball, location: 2F
2-2: Foul Ball, location: 2F
2-2: Ball
3-2: Ground out 6-3 (Groundball, 6, EV 79.4 MPH)
Batting: RHB Walt Cogswell 0-0: Ball
1-0: Ground out 6-3 (Groundball, 6, EV 87.5 MPH)
Bottom of the 5th over - 0 runs, 0 hits, 0 errors, 0 left on base; Buffalo 3 - Omaha 1
TOP OF THE 6TH
Buffalo Bisons batting - Pitching for Omaha Storm Chasers : RHP Ken Hall
Batting: LHB Eddie Muniz 0-0: Called Strike
0-1: Foul Ball, location: 2F
0-2: Strikes out swinging
Batting: RHB Jose Garza 0-0: Ball
1-0: Ball
2-0: Ball
3-0: Called Strike
3-1: Fly out, F8 (Line Drive, 78M, EV 88.1 MPH)
Batting: RHB Väinö Tapaninen 0-0: Ground out 5-3 (Groundball, 56S, EV 84.4 MPH)
Top of the 6th over - 0 runs, 0 hits, 0 errors, 0 left on base; Buffalo 3 - Omaha 1
BOTTOM OF THE 6TH
Omaha Storm Chasers batting - Pitching for Buffalo Bisons : RHP Gabe Nalley
Batting: RHB Taisei Fujii 0-0: Ball
1-0: Ground out U3 (Groundball, 34, EV 85.6 MPH)
Batting: RHB Ken Postlethwaite 0-0: DOUBLE (Line Drive, 7LS, EV 91.9 MPH)
Batting: SHB Francisco Gutierrez 0-0: Called Strike
0-1: Ball
1-1: Called Strike
1-2: Ball
2-2: Ground out 4-3 (Groundball, 4, EV 83.8 MPH)
Ken Postlethwaite to third
Batting: RHB Danny Weisse 0-0: Called Strike
0-1: Ball
1-1: Ball
2-1: Ball
3-1: Base on Balls
Batting: LHB Danny Bailey 0-0: Swinging Strike
0-1: Ball
1-1: SINGLE (Groundball, 6MD, EV 96.2 MPH)
Ken Postlethwaite scores
Danny Weisse to second
Runner from 2nd tries for 3rd, SAFE, throw by CF made to third
Batting: RHB Yuichi Takata 0-0: Foul Ball, location: 2F
0-1: Ball
1-1: Ball
2-1: Ground out 4-3 (Groundball, 34, EV 84.4 MPH)
Bottom of the 6th over - 1 run, 2 hits, 0 errors, 2 left on base; Buffalo 3 - Omaha 2
TOP OF THE 7TH
Buffalo Bisons batting - Pitching for Omaha Storm Chasers : RHP Ken Hall
Pitching: RHP Terry Romaine
Batting: RHB John Loving 0-0: Ball
1-0: Ball
2-0: Ball
3-0: Base on Balls
Batting: RHB Butch Koglin 0-0: Ball
1-0: Ball
John Loving steals 2nd, throwing error, E2
John Loving to third
2-0: Ball
3-0: Called Strike
3-1: Foul Ball, location: 2F
3-2: Ground out 4-3 (Groundball, 4, EV 104.4 MPH)
Batting: LHB Gabe Pace 0-0: SINGLE (Groundball, 4M, EV 98.1 MPH)
John Loving scores
Batting: RHB Kyle Davis 0-0: Ground out 4-3 (Groundball, 34, EV 103.8 MPH)
Gabe Pace to second
Batting: RHB Jorge Baret 0-0: Foul Ball, location: 2F
0-1: Called Strike
0-2: Ball
1-2: Fly out, F9 (Flyball, 89M, EV 76.2 MPH)
Top of the 7th over - 1 run, 1 hit, 1 error, 1 left on base; Buffalo 4 - Omaha 2
BOTTOM OF THE 7TH
Omaha Storm Chasers batting - Pitching for Buffalo Bisons : RHP Gabe Nalley
Pitching: RHP Chris Kroesen
Batting: RHB Jason Birge 0-0: Ball
1-0: Ball
2-0: Fly out, F9 (Flyball, 9LSF, EV 97.5 MPH)
Batting: LHB Jim Pankratz 0-0: Ball
1-0: Called Strike
1-1: Ball
2-1: SINGLE (Groundball, 4MD, EV 97.5 MPH)
Batting: RHB Walt Cogswell 0-0: Grounds into double play, 3-6-3 (Groundball, 3, EV 103.1 MPH)
Bottom of the 7th over - 0 runs, 1 hit, 0 errors, 0 left on base; Buffalo 4 - Omaha 2
TOP OF THE 8TH
Buffalo Bisons batting - Pitching for Omaha Storm Chasers : RHP Terry Romaine
Batting: RHB Frank Caulfield 0-0: Ball
1-0: DOUBLE (Line Drive, 78XD, EV 98.1 MPH)
Batting: LHB Eddie Muniz 0-0: Ball
Frank Caulfield is caught stealing 3rd base 2-5
1-0: Called Strike
1-1: Fly out, F8 (Flyball, 8RM, EV 94.4 MPH)
Batting: RHB Jose Garza 0-0: Ball
1-0: Swinging Strike
1-1: Ball
2-1: Ball
3-1: SINGLE (Groundball, 6D, EV 101.2 MPH)
Batting: RHB Väinö Tapaninen 0-0: Ball
Jose Garza steals 2nd, throwing error, E2
Jose Garza to third
1-0: Ball
2-0: Foul Ball, location: 2F
2-1: Foul Ball, location: 2F
2-2: Strikes out swinging
Top of the 8th over - 0 runs, 2 hits, 1 error, 1 left on base; Buffalo 4 - Omaha 2
BOTTOM OF THE 8TH
Omaha Storm Chasers batting - Pitching for Buffalo Bisons : RHP Chris Kroesen
Batting: RHB Taisei Fujii 0-0: Ball
1-0: Ball
2-0: Ball
3-0: Called Strike
3-1: Called Strike
3-2: Ground out 6-3 (Groundball, 6, EV 103.1 MPH)
Batting: RHB Ken Postlethwaite 0-0: Ball
1-0: Called Strike
1-1: Ball
2-1: DOUBLE (Flyball, 78D, EV 98.8 MPH)
Batting: SHB Francisco Gutierrez 0-0: Swinging Strike
0-1: Swinging Strike
0-2: Ball
1-2: Ball
2-2: Ball
3-2: Strikes out swinging
Batting: RHB Danny Weisse 0-0: Ball
1-0: Foul Ball, location: 2F
1-1: Called Strike
1-2: Strikes out looking
Bottom of the 8th over - 0 runs, 1 hit, 0 errors, 1 left on base; Buffalo 4 - Omaha 2
TOP OF THE 9TH
Buffalo Bisons batting - Pitching for Omaha Storm Chasers : RHP Terry Romaine
Pitching: LHP Keith Egan
Batting: RHB John Loving 0-0: Called Strike
0-1: Ball
1-1: Swinging Strike
1-2: Foul Ball, location: 2F
1-2: Ball
2-2: Ball
3-2: Fly out, F4 (Line Drive, 4, EV 70.0 MPH)
Batting: RHB Butch Koglin 0-0: Foul Ball, location: 2F
0-1: Foul Ball, location: 2F
0-2: Ground out 5-3 (Groundball, 56, EV 108.8 MPH)
Batting: LHB Gabe Pace 0-0: Ball
1-0: Foul Ball, location: 2F
1-1: Ball
2-1: Ground out 6-3 (Groundball, 4M, EV 105.0 MPH)
Top of the 9th over - 0 runs, 0 hits, 0 errors, 0 left on base; Buffalo 4 - Omaha 2
BOTTOM OF THE 9TH
Omaha Storm Chasers batting - Pitching for Buffalo Bisons : RHP Chris Kroesen
Pitching: RHP Pat Powell
Batting: LHB Danny Bailey 0-0: Ball
1-0: Ball
2-0: Ball
3-0: Called Strike
3-1: Foul Ball, location: 2F
3-2: Strikes out swinging
Pinch Hitting: LHB Shigeru Ono 0-0: Ball
1-0: Called Strike
1-1: Called Strike
1-2: Foul Ball, location: 2F
1-2: Ball
2-2: Ball
3-2: Strikes out swinging
Pinch Hitting: LHB Willie Gutierrez 0-0: Called Strike
0-1: Foul Ball, location: 2F
0-2: Ball
1-2: DOUBLE (Line Drive, 78D, EV 110.0 MPH)
Batting: LHB Jim Pankratz 0-0: Ball
1-0: Called Strike
1-1: Ball
2-1: Ball
3-1: Base on Balls
Batting: RHB Walt Cogswell 0-0: Fielders Choice at 2nd, 5-4 (Groundball, 56, EV 84.4 MPH)
Bottom of the 9th over - 0 runs, 1 hit, 0 errors, 2 left on base; Buffalo 4 - Omaha 2
Tuesday, March 28th , 2023 - OOTP Baseball 23.10 Build 110